 Dungeon Crawl Stone Soup version 0.30.0-19-g36f170ea60 (webtiles) character file.

Game seed: 14972418957944504931

278 wingedge the Gusty (level 6, 0/44 HPs)
             Began as a Human Wanderer on May 30, 2023.
             Slain by a sleepcap (15 damage)
             ... on level 4 of the Dungeon.
             The game lasted 00:13:50 (3559 turns).

wingedge the Gusty (Human Wanderer)                 Turns: 3559, Time: 00:13:50

Health: 0/44       AC:  3    Str: 12    XL:     6   Next: 51%
Magic:  0/18       EV:  2    Int: 15    God:
Gold:   169        SH:  0    Dex: 12    Spells: 3/9 levels left

rFire   . . .        a - +2 dagger (venom)
rCold   . . .        (no shield)
rNeg    . . .        p - +0 robe
rPois   .            (no helmet)
rElec   .            r - scarf {repulsion}
rCorr   .            u - +0 pair of gloves
SInv    .            (no boots)
Will    .....        g - amulet of guardian spirit
Stlth   ++           v - ring of magical power
HPRegen 0.27/turn    (no ring)
MPRegen 0.16/turn

%: repel missiles, guardian spirit
@: sleeping
A: no striking features
a: no special abilities


You were on level 4 of the Dungeon.
You visited 1 branch of the dungeon, and saw 4 of its levels.

You collected 169 gold pieces.

Inventory:

Hand Weapons
 a - a +2 dagger of venom (weapon)
 b - a +0 quarterstaff
 n - a +2 antimagic spear
Armour
 j - a +0 ring mail of positive energy
 m - a +0 buckler
 o - a +0 leather armour
 p - a +0 robe (worn)
 r - a scarf of repulsion (worn)
 u - a +0 pair of gloves (worn)
Jewellery
 g - an amulet of guardian spirit (around neck)
 v - a ring of magical power (left hand)
Wands
 s - a wand of paralysis (6) (quivered)
Scrolls
 c - 2 scrolls of fog
 d - a scroll of magic mapping {unknown}
 e - a scroll of fear {unknown}
 q - 2 scrolls of teleportation {unknown}
 x - a scroll of poison {unknown}
 y - a scroll of brand weapon {unknown}
Potions
 f - a potion of attraction {unknown}
 h - a potion of flight {unknown}
 i - 3 potions of haste {unknown}
 k - a potion of lignification {unknown}
 l - a potion of curing {unknown}
 t - 2 potions of brilliance {unknown}
 w - a potion of resistance {unknown}
 z - a potion of mutation {unknown}
 A - a potion of berserk rage {unknown}


   Skills:
 - Level 2.0 Fighting
 - Level 2.0 Staves
 - Level 1.3 Armour
 - Level 1.0 Stealth
 + Level 2.4 Spellcasting
 - Level 3.0 Conjurations
 + Level 2.8 Ice Magic
 - Level 3.0 Air Magic
 + Level 1.2 Poison Magic
 - Level 1.0 Evocations


You had 3 spell levels left.
You knew the following spells:

 Your Spells              Type           Power      Damage    Failure   Level
a - Shock                 Conj/Air       40%        1d5       6%          1
b - Static Discharge      Conj/Air       20%        2-3/arc   10%         2
c - Freeze                Ice            40%        1d6       7%          1
d - Poisonous Vapours     Pois/Air       16%        N/A       14%         2

Your spell library contained the following spells:

 Spells                   Type           Power      Damage    Failure   Level
 Sting                    Tmut/Pois      12%        1d3       17%         1
 Hailstorm                Conj/Ice       10%        3d5       19%         3
 Frozen Ramparts          Ice            20%        1d4       21%         3
 Beastly Appendage        Tmut           2%         N/A       22%         1
 Wereblood                Tmut           1%         N/A       32%         2
 Spider Form              Tmut/Pois      3%         N/A       45%         3
 Olgreb's Toxic Radiance  Pois           5%         N/A       77%         4


Dungeon Overview and Level Annotations

Branches:
Dungeon (4/15)
 Temple: D:4-7

Altars:

Shops:
D:1 :


Message History

The sleepcap is struck by an arc of lightning.
The sleepcap is heavily damaged.
The lightning grounds out.
The sleepcap releases spores at you.
You are engulfed in a cloud of soporific spores!
You fall asleep.
The sleepcap releases spores at you!!
You wake up.
Casting: Static Discharge (safe; 10% risk of failure)
Confirm with . or Enter, or press ? or * to list all spells.
The sleepcap is struck by an arc of lightning.
The sleepcap is heavily damaged.
You are struck by an arc of lightning.
The lightning grounds out.
The sleepcap barely misses you.
Casting: Static Discharge (safe; 10% risk of failure)
Confirm with . or Enter, or press ? or * to list all spells.
The sleepcap is struck by an arc of lightning.
The sleepcap is severely damaged.
You are struck by an arc of lightning.
The sleepcap is struck by an arc of lightning.
The sleepcap is severely damaged.
You are struck by an arc of lightning.
The lightning grounds out.
The sleepcap releases spores at you.
Aiming: Paralyse
Press: ? - help, Q - select action, (/) - cycle Shift-Dir - straight line, f/p - sleepcap
Aim: a sleepcap (severely damaged, chance to affect: 60%)
Okay, then.
Aiming: Paralyse
Press: ? - help, Q - select action, (/) - cycle Shift-Dir - straight line, f/p - sleepcap
Aim: a sleepcap (severely damaged, chance to affect: 60%)
Okay, then.
You hit the sleepcap.
The sleepcap is almost destroyed.
The sleepcap closely misses you.
Your magical contamination has completely faded away.
You hit the sleepcap but do no damage.
The sleepcap is almost destroyed.
The sleepcap releases spores at you.
You are engulfed in a cloud of soporific spores!
You fall asleep.
The sleepcap releases spores at you!
You die...

##...# #.#
##.#########.#
.............# #######
....########.# .......
......# #.# .......
...^#.# #.### ....?..
.####.# #...# ../.)..
.####.########.##.......
................@f......
......###.######...#####
....#.# #...# ....# ..
#...# ....#.## #...#
....#... #...# ......##
#...# ........ #...#
....##..


You could see a sleepcap.

Vanquished Creatures
  A black bear (D:4)
  An iguana (D:4)
  4 gnolls (D:3)
  3 adders
  A worm (D:2)
  5 dart slugs
  3 orcs (D:4)
  5 ball pythons
  5 endoplasms
  4 giant cockroaches
  5 goblins
  7 hobgoblins
  13 jackals
  9 bats
  5 frilled lizards
  3 kobolds
  7 rats
81 creatures vanquished.

Notes
Turn   | Place    | Note
-------+----------+-------------------------------------------
     0 | D:1      | wingedge the Human Wanderer began the quest for the Orb.
     0 | D:1      | wingedge set off with the following items: a +0
                  | quarterstaff, a +0 scale mail, a scroll of fog; and the
                  | following spell memorised: Shock; and the following spells
                  | available to memorise: Poisonous Vapours, Static Discharge.
     0 | D:1      | Reached XP level 1. HP: 16/16 MP: 2/2
    94 | D:1      | Reached XP level 2. HP: 22/22 MP: 3/3
   264 | D:1      | Reached skill level 1 in Conjurations
   442 | D:1      | Found Busoricw's Vocational Training.
   460 | D:1      | Reached XP level 3. HP: 23/27 MP: 2/5
  1051 | D:2      | Reached XP level 4. HP: 32/33 MP: 5/7
  1092 | D:2      | Learned a level 2 spell: Static Discharge
  1094 | D:2      | Learned a level 1 spell: Freeze
  1097 | D:2      | Learned a level 2 spell: Poisonous Vapours
  1620 | D:2      | Reached skill level 1 in Ice Magic
  2149 | D:3      | Found a faded altar of an unknown god.
  2379 | D:3      | Reached XP level 5. HP: 33/38 MP: 8/8
  3221 | D:4      | Noticed a black bear
  3439 | D:4      | Killed a black bear
  3440 | D:4      | Reached skill level 1 in Poison Magic
  3440 | D:4      | Reached XP level 6. HP: 23/44 MP: 3/9
  3559 | D:4      | Slain by a sleepcap

Illustrated notes

Levels and vault maps discovered:
D:1:      psy_arrival_fountain, layout_loops_ring, nicolae_shop_vocational
D:2:      layout_basic, corexii_shack
D:3:      layout_loops_corners, hellmonk_ecumenical_altar_leap_of_faith
D:4:      layout_basic, portal_sewer_entry_f, serial_bayou,
          serial_bayou_lagoon_a, serial_bayou_pond_e, serial_bayou_crossing,
          serial_bayou_pond_d

Skill      XL: |  1  2  3  4  5 |
---------------+----------------+-----
Conjurations   | 1 2 3 |  3.0
Spellcasting   | 2 |  2.4
Ice Magic      | 1 2 |  2.8
Air Magic      | 3 |  3.0
Poison Magic   | 1 |  1.2
Fighting       | |  2.0
Staves         | |  2.0
Armour         | |  1.3
Stealth        | |  1.0
Evocations     | |  1.0

Action                     |  1- 3 |  4- 6 || total
---------------------------+-------+-------++-------
  Melee: Quarterstaff      |    50 |       ||    50
         Dagger            |    36 |    46 ||    82
         Punch             |     1 |       ||     1
   Cast: Shock             |       |    56 ||    56
         Static Discharge  |       |    18 ||    18
         Poisonous Vapours |       |     8 ||     8
         Freeze            |       |     5 ||     5
  Evoke: Wand              |       |     4 ||     4
   Stab: Paralysed         |       |     9 ||     9
         Sleeping          |       |     1 ||     1
 Armour: Scale mail        |    12 |       ||    12
         Ring mail         |    11 |       ||    11
         Robe              |       |     5 ||     5
  Dodge: Dodged            |    37 |    30 ||    67
